AoeStats
← MZTK | GaboxNet .i.

Arabia

510116909Analyzed
2v2 RM · 3d ago on Sep 29, 2026· 48m 14s· 4 players
Game mode
Random Map
Map size
Medium (4 player)
Population
200
Speed
Normal
Resources
Standard
Victory
Conquest
Starting age
Dark Age
Ending age
Imperial Age
RankedLock teamsTeams togetherTeam positionsShared explorationLock speedFull tech treeHidden civsTurbo modeCheats
Victory
Defeat
🇫🇷 Franks · France
1376
+8
🇯🇵 Inca · Japan
1264
+12
🇲🇽 Franks · Mexico
1231
-12
🇲🇽 Ethiopians · Mexico
1135
-8
qinoa
9:55 Loom
12:40 Feudal Age
13:00 Champi Runner
13:27 Double-Bit Axe
14:18 Horse Collar
19:40 Town Watch
20:14 Scale Mail Armor
20:29 Forging
21:42 Scale Mail Armor
22:33 Arson
25:02 Fletching
28:00 Castle Age
26:41 Gold Mining
29:03 Chain Mail Armor
28:09 Champi Warrior
28:50 Squires
29:10 Bow Saw
28:39 Pikeman
31:50 Iron Casting
40:18 Wheelbarrow
41:02 Heavy Plow
41:45 Bodkin Arrow
45:51 Hand Cart
50:01 Imperial Age
Coach Coachella
5:05 Loom
10:02 Feudal Age
11:29 Double-Bit Axe
16:28 Scale Barding Armor
18:05 Forging
22:37 Castle Age
23:41 Chain Barding Armor
23:55 Bow Saw
24:29 Wheelbarrow
25:33 Gold Mining
25:40 Town Watch
27:49 Husbandry
36:19 Hand Cart
37:09 Sanctity
37:01 Fervor
41:31 Imperial Age
41:35 Cavalier
42:51 Plate Barding Armor
42:52 Iron Casting
42:53 Conscription
43:25 Paladin
45:04 Town Patrol
47:57 Hoardings
49:07 Theocracy
MZTK | GaboxNet .i.
2:50 Loom
10:25 Feudal Age
10:42 Man-at-Arms
11:45 Arson
12:31 Double-Bit Axe
18:51 Fletching
23:48 Castle Age
22:38 Padded Archer Armor
22:35 Gold Mining
24:43 Bow Saw
24:27 Horse Collar
25:03 Crossbowman
30:17 Wheelbarrow
39:32 Imperial Age
37:20 Hand Cart
37:19 Forging
37:15 Scale Barding Armor
37:15 Husbandry
39:30 Bodkin Arrow
39:40 Arbalester
40:21 Bracer
40:04 Light Cavalry
43:41 Bracer
43:56 Leather Archer Armor
46:01 Iron Casting
45:26 Scale Mail Armor
45:57 Ring Archer Armor
45:47 Chain Barding Armor
46:01 Heavy Camel Rider
48:35 Blast Furnace
_MZTK_SIRO_
6:25 Loom
9:24 Feudal Age
9:58 Double-Bit Axe
21:58 Castle Age
21:01 Gold Mining
21:23 Scale Barding Armor
21:46 Forging
Connection lost

Rejoining the realm…

Still unreachable

The connection could not be restored.

Session expired

The server has moved on; the page needs a fresh start.